 Dungeon Crawl Stone Soup version 0.31-a0-986-g5e6e4ef867 (webtiles) character file.

Game seed: 7933246257658286621

884 choconana the Shield-Bearer (level 7, -3/70 HPs)
             Began as a Troll Fighter on Nov 17, 2023.
             Was an Initiate of Yredelemnul.
             Slain by Prince Ribbit (13 damage)
             ... on level 5 of the Dungeon.
             The game lasted 00:10:39 (2894 turns).

choconana the Shield-Bearer (Troll Fighter)         Turns: 2894, Time: 00:10:39

Health: -3/70      AC:  4    Str: 27    XL:     7   Next: 76%
Magic:  6/6        EV:  9    Int:  4    God:    Yredelemnul [......]
Gold:   242        SH:  9    Dex:  9    Spells: 6/6 levels left

rFire   . . .        t - +2 hand axe (elec)
rCold   . . .        b - +1 kite shield
rNeg    . . .        a - +0 robe
rPois   +            (helmet restricted)
rElec   .            (no cloak)
rCorr   .            (gloves unavailable)
SInv    .            (boots unavailable)
Will    .....        j - amulet of the acrobat Stlth
                     k - ring of poison resistance
HPRegen 1.11/turn    q - ring of wizardry
MPRegen 0.10/turn

%: acrobat, wizardry (x1)
@: silenced
A: large, unfitting armour, claws 3, regeneration 1, shaggy fur 1, tough skin 1
a: Renounce Religion


You were on level 5 of the Dungeon.
You worshipped Yredelemnul.
Yredelemnul was noncommittal.
You visited 1 branch of the dungeon, and saw 5 of its levels.

You collected 242 gold pieces.

Inventory:

Hand Weapons
 r - a +4 dagger
 t - a +2 hand axe of electrocution (weapon)
Missiles
 e - a throwing net
 f - 29 stones
Armour
 a - a +0 robe (worn)
 b - a +1 kite shield (worn)
Jewellery
 j - an amulet of the acrobat (around neck)
 k - a ring of poison resistance (left claw)
 q - a ring of wizardry (right claw)
Wands
 i - a wand of roots (6)
 s - a wand of polymorph (6)
Scrolls
 d - 2 scrolls of poison
 h - 4 scrolls of amnesia
 m - a scroll of identify
 p - a scroll of blinking {unknown}
Potions
 g - 3 potions of curing
 n - a potion of invisibility {unknown}
 u - a potion of degeneration {unknown}
 v - a potion of lignification {unknown}


   Skills:
 - Level 4.0 Fighting
 + Level 3.5 Axes
 - Level 4.1 Dodging
 - Level 4.5 Shields
 - Level 3.5 Unarmed Combat


You had 6 spell levels left.
You didn't know any spells.
Your spell library contained the following spells:

 Spells                   Type           Power      Damage    Failure   Level
 Apportation              Tloc           0%         N/A       38%         1
 Foxfire                  Conj/Fire      0%         2x1d4     38%         1
 Freeze                   Ice            0%         1d3       38%         1
 Magic Dart               Conj           0%         1d3       38%         1
 Necrotise                Necr           0%         1d4       38%         1
 Sting                    Tmut/Pois      0%         1d3       38%         1
 Summon Small Mammal      Summ           0%         N/A       38%         1
 Poisonous Vapours        Pois/Air       0%         N/A       52%         2
 Searing Ray              Conj           0%         2d4       52%         2
 Frozen Ramparts          Ice            0%         1d1       75%         3
 Hailstorm                Conj/Ice       0%         3d3       75%         3
 Fulminant Prism          Conj/Hex       0%         3d5       98%         4
 Olgreb's Toxic Radiance  Pois           0%         N/A       98%         4
 Plasma Beam              Fire/Air       0%         2x1d10    100%        6
 Starburst                Conj/Fire      0%         6d3       100%        6


Dungeon Overview and Level Annotations

Branches:
Dungeon (5/15)             Temple (0/1) D:4

Altars:
Yredelemnul

Annotations:
D:4 1 runed translucent door, Crazy Yiuf
D:5 Prince Ribbit


Innate Abilities, Weirdness & Mutations

You are too large for most types of armour.
You have claws for hands.
Your natural rate of healing is unusually fast.
You are covered in fur. (AC +1)
You have tough skin. (AC +1)


Message History

The scorpion is almost dead.
You miss Prince Ribbit.
The sentinel's mark upon you fades away.
Prince Ribbit hits you. You block the scorpion's attack.
Your iguana zombie bites the scorpion.
The scorpion dies!
Prince Ribbit hits you!!
* * * LOW HITPOINT WARNING * * *
Something hits your jackal zombie.
You swap places.
Your jackal zombie completely misses Prince Ribbit.
Your iguana zombie barely misses Prince Ribbit.
An orc priest comes into view. It is wielding a +0 dagger.
You slash the orc priest!
The orc priest is severely wounded.
You hit Prince Ribbit. Prince Ribbit hits you.
* * * LOW HITPOINT WARNING * * *
Your jackal zombie closely misses Prince Ribbit.
The orc priest hits you but does no damage.
You block Prince Ribbit's attack.
Your iguana zombie bites Prince Ribbit.
Your jackal zombie misses Prince Ribbit.
You hit the orc priest.
The orc priest is severely wounded.
You miss Prince Ribbit. Prince Ribbit hits you!
* * * LOW HITPOINT WARNING * * *
The orc priest hits you with a +0 dagger.
* * * LOW HITPOINT WARNING * * *
Your jackal zombie closely misses Prince Ribbit.
Your iguana zombie bites Prince Ribbit!
You block Prince Ribbit's attack.
The orc priest barely misses your iguana zombie.
You feel better. Prince Ribbit barely misses you.
Your jackal zombie bites Prince Ribbit.
Your iguana zombie barely misses Prince Ribbit.
You block the orc priest's attack. Prince Ribbit hits your jackal zombie!
Your jackal zombie is destroyed!
You hit the orc priest but do no damage.
The orc priest is severely wounded.
You closely miss Prince Ribbit. Prince Ribbit hits you!
You die...
Your body rises from the dead as a mindless zombie.

.#####.#####...#
# .h. .#
#.......# .#.
#h# Z# #..######
#.###.# Z#
#..##### #.##.Z#
.# #...Z..#
#.#.#s# .#
##.###.#
#..##s.# .# #.#
#Z# #.##....( ##
#.#
#.####Zo#.#.###
#.#
#....F@#.J.##
#.# #......##.##
#.# ##.##### .#
#.# #.# # #.#
#.# #.# #.#


You could see Prince Ribbit (unsilenced, ally target), an orc priest and a
friendly iguana zombie.

Vanquished Creatures
  The ghost of MrSquiggles the Magician, an amateur DsWn (D:4)
  Sigmund (D:4)
  Menkaure (D:4)
  A scorpion (D:5)
  2 jellies (D:5)
  2 iguanas
  4 adders
  A white imp (D:5)
  2 ufetubi (D:5)
  2 worms (D:3)
  2 dart slugs
  6 orcs (D:4)
  6 endoplasms
  2 giant cockroaches
  9 goblins
  3 hobgoblins
  3 jackals
  5 kobolds
  4 quokkas
  5 ball pythons
  4 bats
  3 frilled lizards
  7 rats
76 creatures vanquished.

Vanquished Creatures (collateral kills)
  A scorpion (D:5)
  A hound (D:5)
  An adder (D:2)
  A worm (D:3)
  An endoplasm (D:3)
  2 hobgoblins
  A jackal (D:5)
  2 frilled lizards (D:3)
  A goblin (D:3)
11 creatures vanquished.

Vanquished Creatures (others)
  An adder zombie (D:4)
  A human zombie (D:4)
  A bat zombie (D:3)
  2 ball python zombies (D:4)
  An endoplasm zombie (D:4)
  A jackal zombie (D:5)
  A kobold zombie (D:4)
  2 orc zombies (D:4)
  A spectral ufetubus (D:5)
11 creatures vanquished.

Grand Total: 98 creatures vanquished

Notes
Turn   | Place    | Note
-------+----------+-------------------------------------------
     0 | D:1      | choconana the Troll Fighter began the quest for the Orb.
     0 | D:1      | Reached XP level 1. HP: 22/22 MP: 0/0
   282 | D:1      | Reached XP level 2. HP: 29/29 MP: 1/1
   684 | D:2      | Found a basalt altar of Yredelemnul.
   701 | D:2      | Became a worshipper of Yredelemnul the Dark
   947 | D:2      | Reached XP level 3. HP: 36/36 MP: 2/2
  1141 | D:2      | Reached * piety under Yredelemnul
  1343 | D:3      | Reached XP level 4. HP: 44/44 MP: 3/3
  1386 | D:3      | Reached ** piety under Yredelemnul
  1716 | D:3      | Reached *** piety under Yredelemnul
  1836 | D:4      | Noticed MrSquiggles's ghost (amateur DsWn)
  1836 | D:4      | Found a runed translucent door.
  1971 | D:4      | Noticed Sigmund
  1985 | D:4      | Killed Sigmund
  1986 | D:4      | Reached XP level 5. HP: 30/53 MP: 4/4
  1986 | D:4      | Reached XP level 6. HP: 34/61 MP: 5/5
  2203 | D:4      | Noticed Menkaure
  2213 | D:4      | Your ally Sigmund died
  2235 | D:4      | Killed Menkaure
  2236 | D:4      | Reached skill level 1 in Axes
  2346 | D:4      | Found a staircase to the Ecumenical Temple.
  2602 | D:4      | Found a runed translucent door.
  2603 | D:4      | Noticed Crazy Yiuf
  2702 | D:4      | Killed MrSquiggles's ghost
  2703 | D:4      | Reached XP level 7. HP: 62/70 MP: 6/6
  2740 | D:5      | Entered Level 5 of the Dungeon
  2869 | D:5      | Noticed Prince Ribbit
  2892 | D:5      | HP: 2/70 [orc priest/+0 dagger (3)]
  2894 | D:5      | Slain by Prince Ribbit

Illustrated notes

Levels and vault maps discovered:
D:1:      scummos_arrival_checkerplants, layout_loops_cross
D:2:      layout_loops_cross, basic_altar, minmay_pentomino_t2
D:3:      layout_rooms, minmay_misc_feat_alley
D:4:      layout_loops_ring, minmay_temple_entry_sparse_star,
          hellmonk_ghost_happy_afterlife, chequers_avenue,
          small_statue_intersection, uniq_crazy_yiuf_cottage, uniq_menkaure,
          uniq_sigmund
D:5:      layout_loops_ring, uniq_prince_ribbit1

Skill      XL: |  1  2  3  4  5  6  7 |
---------------+----------------------+-----
Shields        | 3 4 |  4.5
Fighting       | 3 4 |  4.0
Dodging        | 3 4 |  4.1
Unarmed Combat | 3 |  3.5
Axes           | 1 3 |  3.5

Action                     |  1- 3 |  4- 6 |  7- 9 || total
---------------------------+-------+-------+-------++-------
  Melee: Unarmed           |    83 |    45 |       ||   128
         Hand axe          |       |    24 |    39 ||    63
  Evoke: Wand              |       |     2 |       ||     2
    Use: Scroll            |     4 |     1 |     3 ||     8
         Potion            |       |     3 |     1 ||     4
   Stab: Sleeping          |     1 |       |       ||     1
 Armour: Robe              |    26 |    24 |    44 ||    94
  Dodge: Dodged            |    28 |    21 |    16 ||    65
  Block: Kite shield       |    28 |    11 |    26 ||    65

Table legend: (Time is in decaauts)
 A = Elapsed time spent in this place.
 B = Non-inter-level travel time spent in this place.
 C = Inter-level travel time spent in this place.
 D = Time resting spent in this place.
 E = Time spent auto-exploring this place.
 F = Levels seen in this place.
 G = Mean time per level.
                   A        B        C        D        E       F      G
               +--------+--------+--------+--------+--------+-----+--------+
         Total |   2934 |   2759 |    175 |     63 |   2116 |   5 |  586.8 |
       Dungeon |   2934 |   2759 |    175 |     63 |   2116 |   5 |  586.8 |
               +--------+--------+--------+--------+--------+-----+--------+

Top non-repeatable levels by time:
     D:4: 921 daAuts
     D:1: 670 daAuts
     D:2: 624 daAuts
     D:3: 553 daAuts
     D:5: 164 daAuts
